AoeStats
← Oldspice

African Clearing

505347490Analyzed
2v2 RM · 23d ago on Sep 9, 2026· 75m 23s· 4 players
Game mode
Random Map
Map size
Medium (4 player)
Population
200
Speed
Normal
Resources
Standard
Victory
Conquest
Starting age
Dark Age
Ending age
Imperial Age
RankedLock teamsTeams togetherTeam positionsShared explorationLock speedFull tech treeHidden civsTurbo modeCheats
Victory
Defeat
🇨🇦 Muisca · Canada
1520
+13
🇺🇸 Jurchens · United States
1511
+14
🇺🇸 Wei · United States
1469
-14
🇺🇸 Magyars · United States
1459
-13
Slowthinker
8:58 Loom
11:41 Feudal Age
12:20 Double-Bit Axe
20:31 Castle Age
18:52 Fletching
19:21 Gold Mining
20:14 Bloodlines
22:19 Bodkin Arrow
27:34 Padded Archer Armor
31:20 Stone Mining
33:39 Horse Collar
39:20 Scale Barding Armor
39:41 Bow Saw
41:58 Wheelbarrow
42:35 Chain Barding Armor
46:22 Imperial Age
45:20 Gold Shaft Mining
44:53 Heavy Plow
45:57 Stone Shaft Mining
47:02 Hand Cart
47:06 Forging
47:39 Husbandry
49:01 Chemistry
48:24 Ballistics
49:07 Iron Casting
48:58 Ming Guang Armor
49:19 Elite Tiger Cavalry
52:37 Town Watch
54:20 Thumb Ring
57:29 Blast Furnace
56:53 Heavy Hei Guang Cavalry
58:45 Masonry
60:40 Light Cavalry
61:57 Conscription
61:39 Tuntian
62:44 Hussar
64:10 Hoardings
Yukasha
9:32 Loom
13:35 Feudal Age
17:36 Castle Age
15:49 Double-Bit Axe
16:02 Fletching
16:23 Horse Collar
18:37 Bow Saw
21:11 Wheelbarrow
21:18 Bodkin Arrow
22:24 Gold Mining
24:39 Padded Archer Armor
25:13 Bloodlines
31:45 Ballistics
32:14 Heavy Plow
32:37 Town Watch
34:09 Stone Mining
35:36 Hand Cart
36:40 Gold Shaft Mining
37:07 Husbandry
38:27 Thumb Ring
42:19 Imperial Age
41:07 Scale Barding Armor
43:27 Chain Barding Armor
42:29 Cavalier
43:28 Masonry
44:09 Conscription
44:28 Hoardings
45:02 Plate Barding Armor
45:33 Paladin
49:44 Two-Man Saw
49:15 Crop Rotation
50:02 Light Cavalry
51:14 Town Patrol
52:25 Hussar
Oldspice
12:19 Feudal Age
12:50 Loom
12:33 Man-at-Arms
14:43 Wheelbarrow
15:17 Arson
20:55 Castle Age
19:26 Double-Bit Axe
21:15 Horse Collar
22:43 Padded Archer Armor
26:28 Ballistics
27:55 Siege Engineers
35:31 Bow Saw
37:34 Leather Archer Armor
41:52 Imperial Age
41:34 Wheelbarrow
41:19 Town Watch
43:05 Gold Mining
43:26 Heavy Plow
44:18 Ring Archer Armor
44:18 Scale Barding Armor
44:33 Fletching
45:44 Thunderclap Bombs
47:12 Light Cavalry
48:02 Bloodlines
47:53 Husbandry
50:29 Chain Barding Armor
50:20 Forging
49:52 Hussar
52:47 Plate Barding Armor
53:23 Iron Casting
55:50 Blast Furnace
55:18 Scale Mail Armor
55:40 Hand Cart
55:30 Pikeman
56:11 Squires
56:13 Halberdier
63:08 Chain Mail Armor
63:54 Elite Iron Pagoda
65:03 Bodkin Arrow
65:54 Crop Rotation
66:42 Conscription
72:56 Chemistry
71:50 Capped Ram
IVIUSTANG
12:50 Feudal Age
13:13 Champi Runner
14:08 Loom
16:27 Double-Bit Axe
18:17 Forging
20:08 Scale Mail Armor
22:24 Wheelbarrow
25:56 Castle Age
26:38 Fletching
27:56 Bow Saw
27:26 Horse Collar
28:15 Bodkin Arrow
28:55 Padded Archer Armor
29:59 Leather Archer Armor
31:16 Gold Mining
33:24 Ballistics
33:36 Town Watch
41:43 Hand Cart
47:23 Imperial Age
44:58 Pikeman
45:39 Squires
46:35 Chain Mail Armor
46:53 Heavy Plow
48:21 Iron Casting
47:34 Elite Guecha Warrior
49:30 Chemistry
48:40 Masonry
49:44 Plate Mail Armor
49:25 Bracer
50:36 Siege Engineers
51:20 Conscription
53:41 Two-Man Saw
53:16 Gold Shaft Mining
52:32 Stone Mining
53:43 Crop Rotation
54:29 Hoardings
53:29 Champi Warrior
55:30 Elite Champi Warrior
62:19 Stone Shaft Mining
63:33 Herbalism
63:37 Elite Temple Guard
64:24 Murder Holes
Connection lost

Rejoining the realm…

Still unreachable

The connection could not be restored.

Session expired

The server has moved on; the page needs a fresh start.